 Dungeon Crawl Stone Soup version 0.30.1-11-g7821555f0a (webtiles) character file.

Game seed: 3416194231737137406

64 Destapler the Sneak (level 4, -1/25 HPs)
             Began as a Kobold Enchanter on Dec 9, 2023.
             Slain by a hound (4 damage)
             ... on level 2 of the Dungeon.
             The game lasted 00:03:45 (2003 turns).

Destapler the Sneak (Kobold Enchanter)              Turns: 2003, Time: 00:03:45

Health: -1/25      AC:  3    Str:  5    XL:     4   Next: 32%
Magic:  0/7        EV: 14    Int: 18    God:
Gold:   173        SH:  0    Dex: 15    Spells: 5/8 levels left

rFire   . . .        a - +1 dagger
rCold   . . .        (no shield)
rNeg    . . .        k - +0 leather armour
rPois   .            (no helmet)
rElec   .            (no cloak)
rCorr   .            (no gloves)
SInv    .            (no boots)
Will    .....        g - amulet of guardian spirit
Stlth   ++++         (no ring)
HPRegen 0.24/turn    (no ring)
MPRegen 0.10/turn

%: guardian spirit
@: invisible
A: small, no large weapons, nightstalker 3
a: no special abilities


You were on level 2 of the Dungeon.
You visited 1 branch of the dungeon, and saw 3 of its levels.

You collected 173 gold pieces.

Inventory:

Hand Weapons
 a - a +1 dagger (weapon)
Armour
 k - a +0 leather armour (worn)
Jewellery
 g - an amulet of guardian spirit (around neck)
 l - a +5 ring of evasion
Scrolls
 b - a scroll of enchant armour {unknown}
 d - a scroll of identify {unknown}
 h - 2 scrolls of vulnerability {unknown}
 i - a scroll of poison {unknown}
 n - a scroll of brand weapon {unknown}
 o - a scroll of acquirement {unknown}
 p - a scroll of teleportation {unknown}
 q - 2 scrolls of blinking {unknown}
 r - a scroll of amnesia {unknown}
 s - a scroll of fear {unknown}
Potions
 c - a potion of invisibility
 e - a potion of lignification {unknown}
 f - 3 potions of attraction {unknown}
 j - a potion of berserk rage {unknown}
 m - a potion of ambrosia {unknown}


   Skills:
 + Level 1.4 Fighting
 + Level 2.3 Short Blades
 + Level 3.1 Dodging
 + Level 4.5 Stealth
 + Level 2.6 Spellcasting
 + Level 3.3 Hexes


You had 5 spell levels left.
You knew the following spells:

 Your Spells              Type           Power      Damage    Failure   Level
a - Tukima's Dance        Hex            14%        N/A       22%         3

Your spell library contained the following spells:

 Spells                   Type           Power      Damage    Failure   Level
 Ensorcelled Hibernation  Hex/Ice        16%        N/A       22%         2
 Confusing Touch          Hex            14%        N/A       22%         3
 Dazzling Flash           Conj/Hex       16%        N/A       38%         3


Dungeon Overview and Level Annotations

Branches:
Dungeon (3/15)

Altars:

Shops:
D:2 (


Innate Abilities, Weirdness & Mutations

You are small and have problems with some larger weapons.
You are completely attuned to the shadows.


Message History

You hit the hound but do no damage.
The hound is lightly wounded.
The hound misses you. The hound closely misses you.
You hit the hound but do no damage.
The hound is lightly wounded.
The hound barely misses you.
You hit the hound.
The hound is moderately wounded.
The hound stops to sniff the ground.
The hound bites you.
* * * LOW HITPOINT WARNING * * *
Okay, then.
You fade into invisibility!
The hound misses you.
The hound pauses to sniff the ground.
The hound closely misses you.
You hit the hound but do no damage.
The hound is moderately wounded.
The hound bites you.
* * * LOW HITPOINT WARNING * * *
You barely miss the hound.
The hound is moderately wounded.
The hound closely misses you.
You completely miss the hound.
The hound is moderately wounded.
The hound bites you.
* * * LOW HITPOINT WARNING * * *
The hound misses you.
You barely miss the hound.
The hound is moderately wounded.
The hound closely misses you.
You closely miss the hound.
The hound is moderately wounded.
The hound bites you.
* * * LOW HITPOINT WARNING * * *
The hound misses you.
You closely miss the hound.
The hound is moderately wounded.
The hound bites you.
You die...

#.# ####.............# #.#
#.####.........### #.#
#....###.....###..
####.########......#######.###
#.............................
#.##.########.###.............
#.#..........l................
#.###########h###.............
#.# ###.#@###.#......#.### #.#
#......##..........# # #.#
#.#....##.....#.#### #.#
#.#.#.###.P.P....# #.#
#####.#.......P∩P..#.#
###.###.....#...###.P....#.#####
#...................)....#......
#######.....#..####...#..#......
#####.#..# #.#.#..#.#....


You could see a hound and a frilled lizard (unable to see you).

Vanquished Creatures
  2 adders (D:2)
  A worm (D:2)
  5 dart slugs
  2 orcs
  2 bats (D:2)
  An endoplasm (D:1)
  A giant cockroach (D:2)
  2 goblins (D:2)
  2 hobgoblins (D:2)
  2 quokkas (D:2)
  A ball python (D:2)
  3 frilled lizards
  4 kobolds
  6 rats
34 creatures vanquished.

Notes
Turn   | Place    | Note
-------+----------+-------------------------------------------
     0 | D:1      | Destapler the Kobold Enchanter began the quest for the Orb.
     0 | D:1      | Reached XP level 1. HP: 10/10 MP: 3/3
   145 | D:1      | Reached XP level 2. HP: 16/16 MP: 5/5
   953 | D:2      | Reached skill level 1 in Fighting
   953 | D:2      | Reached XP level 3. HP: 20/20 MP: 6/6
  1167 | D:2      | Found Fagro's Antique Weapon Shop.
  1345 | D:2      | Reached XP level 4. HP: 25/25 MP: 7/7
  1377 | D:2      | Learned a level 3 spell: Tukima's Dance
  1550 | D:2      | Found a faded altar of an unknown god.
  2003 | D:2      | Slain by a hound

Illustrated notes

Levels and vault maps discovered:
D:1:      saegor_arrival_miasma, layout_basic,
          nicolae_concentric_dashed_squares_wild
D:2:      layout_basic, serial_shops, nicolae_shop_overgrown_old_shop,
          hellmonk_ecumenical_altar_zigzags
D:3:      layout_loops_ring, uniq_grinder

Skill      XL: |  1  2  3 |
---------------+----------+-----
Fighting       | 1 |  1.4
Short Blades   | 2 |  2.3
Dodging        | 3 |  3.1
Stealth        | |  4.5
Spellcasting   | |  2.6
Hexes          | |  3.3

Action                     |  1- 3 |  4- 6 || total
---------------------------+-------+-------++-------
  Melee: Dagger            |    60 |    43 ||   103
    Use: Potion            |       |     1 ||     1
   Stab: Sleeping          |    19 |     4 ||    23
 Armour: Robe              |     3 |       ||     3
         Leather armour    |     6 |     9 ||    15
  Dodge: Dodged            |    31 |    34 ||    65
